 Dungeon Crawl Stone Soup version 0.28-a0-1312-g71652a0310 (webtiles) character file.

Game seed: 12069169472622178309

391432 browni3141 the Omniscient (level 23, -6/198 (206) HPs)
             Began as a Gnoll Wanderer on Dec 27, 2021.
             Was the Champion of Ashenzari.
             Killed from afar by a tengu reaver (35 damage)
             ... with a bolt of acid
             ... on level 4 of the Vaults.
             The game lasted 02:38:47 (74161 turns).

browni3141 the Omniscient (Gnoll Wanderer)         Turns: 74161, Time: 02:38:48

HP:   -6/198 (206)  AC: 20    Str: 12    XL:     23   Next: 11%
MP:   0/50          EV: 16    Int: 24    God:    Ashenzari [******]
Gold: 3689          SH:  0    Dex: 16    Spells: 1/69 levels left

rFire   . . .      SeeInvis +   v - +5 great sword of the Mantic Blue Moon {protect, Fort, Evo} (curse)
rCold   + + +      Faith    .   (shield currently unavailable)
rNeg    . . .      Spirit   +   a - +5 scale mail "At What Cost Knowledge?" {Will+ Int+4 Dex+3, Melee, Self} (curse)
rPois   .          Reflect  .   i - +0 helmet of the Astrological Gloom {rC+, Self, Melee} (curse)
rElec   +          Harm     .   B - scarf of the Ensconced Paranoia {rC+ rF+, Range, Alch} (curse)
rCorr   .          Rampage  .   E - +2 pair of gloves "Clairvoyant Secrets" {Melee, Fort} (curse)
Will    +++..      Clarity  +   W - +0 pair of boots of Ashenzari's Suspicion {Alch, Bglg} (curse)
Stlth   ++++++....              f - amulet "Sibylline Prison" {Spirit, Evo, Bglg} (curse)
HPRegen 0.43/turn               g - ring of the Eternal Yoke {Will+, Self, Alch} (curse)
MPRegen 0.32/turn               b - ring of Ashenzari's Mysticism {Ice rElec Str-3 Int+6 Stlth+, Self, Melee} (curse)

@: corroded, lightly drained, unable to read
A: fangs 1, strong nose, distributed training, weak 2, inability to read while
threatened
}: 2/15 runes: barnacled, gossamer
a: Renounce Religion, Shatter the Chains


You were on level 4 of the Vaults.
You worshipped Ashenzari.
Ashenzari was exalted by your worship.
You visited 8 branches of the dungeon, and saw 40 of its levels.
You also visited: Sewer, Bailey and Ice Cave.

You collected 4792 gold pieces.
You spent 1103 gold pieces at shops.

Inventory:

Hand Weapons
 v - the cursed +5 great sword of the Mantic Blue Moon (weapon) {protect, Fort, Evo}
   (You took it off a wight on level 9 of the Dungeon)

   It grants its wielder temporary protection when it strikes (+7 to AC).
   It has a curse which improves the following skills: Fortitude: Armour and
   Shields.
   Evocations: Evocations.
Missiles
 x - 2 silver boomerangs
 y - 8 silver javelins
 A - 12 atropa-tipped darts
 D - 17 javelins
Armour
 a - the cursed +5 scale mail "At What Cost Knowledge?" (worn) {Will+ Int+4 Dex+3, Melee, Self}
   (You found it on level 6 of the Lair of Beasts)

   Int:       It affects your intelligence (+4).
   Dex:       It affects your dexterity (+3).
   Will:      It increases your willpower.
   It has a curse which improves the following skills: Melee Combat: Short
   Blades, Long Blades, Axes, Maces & Flails, Polearms, Staves and Unarmed
   Combat.
   Introspection: Fighting and Spellcasting.
 i - the cursed +0 helmet of the Astrological Gloom (worn) {rC+, Self, Melee}
   (You found it on level 1 of the Spider Nest)

   rC:        It protects you from cold.
   It has a curse which improves the following skills: Introspection: Fighting
   and Spellcasting.
   Melee Combat: Short Blades, Long Blades, Axes, Maces & Flails, Polearms,
   Staves and Unarmed Combat.
 j - a +1 pair of gloves of hurling
 B - the cursed scarf of the Ensconced Paranoia (worn) {rC+ rF+, Range, Alch}
   (You found it on level 3 of the Dungeon)

   It has a curse which improves the following skills: Ranged Combat: Slings,
   Bows, Crossbows and Throwing.
   Alchemy:   Poison Magic and Transmutations.
 E - the cursed +2 pair of gloves "Clairvoyant Secrets" (worn) {Melee, Fort}
   (You found it on level 4 of the Dungeon)

   It has a curse which improves the following skills: Melee Combat: Short
   Blades, Long Blades, Axes, Maces & Flails, Polearms, Staves and Unarmed
   Combat.
   Fortitude: Armour and Shields.
 G - a +1 plate armour of fire resistance
 W - the cursed +0 pair of boots of Ashenzari's Suspicion (worn) {Alch, Bglg}
   (You found it on level 6 of the Dungeon)

   It has a curse which improves the following skills: Alchemy: Poison Magic and
   Transmutations.
   Beguiling: Conjurations, Hexes and Translocations.
Jewellery
 b - the cursed ring of Ashenzari's Mysticism (right hand) {Ice rElec Str-3 Int+6 Stlth+, Self, Melee}
   (You found it in an ice cave)

   [ring of ice]

   It enhances your ice magic.
   Str:       It affects your strength (-3).
   Int:       It affects your intelligence (+6).
   rF:        It makes you vulnerable to fire.
   rC:        It protects you from cold.
   rElec:     It insulates you from electricity.
   Stlth:     It makes you more stealthy.
   It has a curse which improves the following skills: Introspection: Fighting
   and Spellcasting.
   Melee Combat: Short Blades, Long Blades, Axes, Maces & Flails, Polearms,
   Staves and Unarmed Combat.
 f - the cursed amulet "Sibylline Prison" (around neck) {Spirit, Evo, Bglg}
   (You found it on level 1 of the Dungeon)

   [amulet of guardian spirit]

   It causes incoming damage to be divided between your reserves of health and
   magic.
   It has a curse which improves the following skills: Evocations: Evocations.
   Beguiling: Conjurations, Hexes and Translocations.
 g - the cursed ring of the Eternal Yoke (left hand) {Will+, Self, Alch}
   (You found it on level 7 of the Dungeon)

   [ring of willpower]

   Will:      It increases your willpower.
   It has a curse which improves the following skills: Introspection: Fighting
   and Spellcasting.
   Alchemy:   Poison Magic and Transmutations.
 X - a ring of resist corrosion
Wands
 d - a wand of polymorph (19)
 e - a wand of mindburst (19)
 s - a wand of acid (3)
 t - a wand of paralysis (12)
 I - a wand of charming (13)
 S - a wand of digging (6)
Scrolls
 h - 9 scrolls of vulnerability
 o - 5 scrolls of immolation
 p - 2 scrolls of silence
 q - a scroll of holy word
 u - 6 scrolls of fog
 z - a scroll of torment
 J - 2 scrolls of blinking
 L - 2 scrolls of fear
 P - a scroll of brand weapon
 Q - 3 scrolls of enchant armour
 R - a scroll of summoning
 V - 7 scrolls of teleportation
 Y - a scroll of amnesia
 Z - 5 scrolls of enchant weapon
Potions
 c - 3 potions of resistance
 k - 8 potions of curing
 l - 8 potions of might
 m - 4 potions of degeneration
 n - a potion of heal wounds
 r - 3 potions of invisibility
 w - 3 potions of mutation
 C - 7 potions of flight
 F - 4 potions of ambrosia
 H - 3 potions of magic
 K - 8 potions of lignification
 N - 5 potions of brilliance
 O - a potion of berserk rage
 T - 5 potions of cancellation
 U - 11 potions of haste
Miscellaneous
 M - a lightning rod (4/4)


   Skills:
 + Level 15.7(23.1) Fighting
 + Level 15.5(22.9) Short Blades
 + Level 15.5(22.9) Long Blades
 + Level 15.5(22.9) Axes
 + Level 15.5(22.9) Maces & Flails
 + Level 15.5(22.9) Polearms
 + Level 15.5(22.9) Staves
 + Level 15.5(18.4) Slings
 + Level 15.5(18.4) Bows
 + Level 15.5(18.4) Crossbows
 + Level 15.5(18.4) Throwing
 + Level 15.7(20.3) Armour
 + Level 15.5 Dodging
 + Level 16.5 Stealth
 + Level 15.5(20.1) Shields
 + Level 15.5(22.9) Unarmed Combat
 + Level 16.2(23.6) Spellcasting
 + Level 13.7(18.4) Conjurations
 + Level 13.1(17.8) Hexes
 + Level 13.1 Summonings
 + Level 13.1 Necromancy
 + Level 13.1(17.8) Translocations
 + Level 13.1(19.3) Transmutations
 + Level 13.1 Fire Magic
 + Level 13.1 Ice Magic
 + Level 13.1 Air Magic
 + Level 13.1 Earth Magic
 + Level 13.1(19.3) Poison Magic
 + Level 16.8 Invocations
 + Level 15.7(20.3) Evocations


You had one spell level left.
You knew the following spells:

 Your Spells              Type           Power      Damage    Failure   Level
a - Magic Dart            Conj           100%       1d8       0%          1
b - Conjure Ball Lightni  Conj/Air       40%        3x3d13    1%          6
d - Lesser Beckoning      Tloc           85%        N/A       0%          3
e - Teleport Other        Tloc           85%        N/A       0%          3
f - Orb of Destruction    Conj           43%        9d14      1%          7
g - Irradiate             Conj/Tmut      43%        3d28      1%          5
h - Silence               Hex/Air        40%        N/A       1%          5
i - Tukima's Dance        Hex            85%        N/A       0%          3
j - Enfeeble              Hex            42%        N/A       1%          7
k - Blink                 Tloc           100%       N/A       0%          2
l - Manifold Assault      Tloc           85%        N/A       1%          5
m - Borgnjor's Vile Clut  Necr/Erth      37%        N/A       1%          5
n - Starburst             Conj/Fire      40%        6d12      1%          6
o - Passage of Golubria   Tloc           85%        N/A       1%          4
p - Dispersal             Tloc           42%        N/A       1%          6

Your spell library contained the following spells:

 Spells                   Type           Power      Damage    Failure   Level
 Beastly Appendage        Tmut           100%       N/A       0%          1
 Foxfire                  Conj/Fire      100%       2x1d9     0%          1
 Sandblast                Erth           100%       2d20      0%          1
 Sting                    Tmut/Pois      100%       1d8       0%          1
 Summon Small Mammal      Summ           100%       N/A       0%          1
 Ensorcelled Hibernation  Hex/Ice        100%       N/A       0%          2
 Passwall                 Tmut/Erth      68%        N/A       0%          2
 Poisonous Vapours        Pois/Air       100%       N/A       0%          2
 Static Discharge         Conj/Air       81%        N/A       0%          2
 Wereblood                Tmut           88%        N/A       0%          2
 Conjure Flame            Conj/Fire      81%        6-21      0%          3
 Dazzling Flash           Conj/Hex       100%       N/A       0%          3
 Gell's Gravitas          Tloc           85%        N/A       0%          3
 Inner Flame              Hex/Fire       80%        N/A       0%          3
 Spider Form              Tmut/Pois      88%        N/A       0%          3
 Stone Arrow              Conj/Erth      100%       3d13      0%          3
 Summon Guardian Golem    Hex/Summ       80%        N/A       0%          3
 Olgreb's Toxic Radiance  Pois           88%        N/A       0%          4
 Scorch                   Fire           100%       2d10      1%          2
 Sublimation of Blood     Necr           75%        N/A       1%          2
 Call Canine Familiar     Summ           75%        N/A       1%          3
 Ozocubu's Armour         Ice            95%        N/A       1%          3
 Airstrike                Air            37%        N/A       1%          4
 Animate Armour           Summ/Erth      100%       N/A       1%          4
 Animate Dead             Necr           37%        N/A       1%          4
 Dispel Undead            Necr           75%        3d25      1%          4
 Flame Wave               Conj/Fire      81%        2d12      1%          4
 Hailstorm                Conj/Ice       100%       3d20      1%          4
 Ice Form                 Ice/Tmut       100%       N/A       1%          4
 Iskenderun's Mystic Bla  Conj/Tloc      86%        2d17      1%          4
 Leda's Liquefaction      Hex/Erth       40%        N/A       1%          4
 Petrify                  Tmut/Erth      82%        N/A       1%          4
 Sticky Flame             Conj/Fire      81%        2d9       1%          4
 Summon Lightning Spire   Summ/Air       75%        N/A       1%          4
 Agony                    Necr           75%        N/A       1%          5
 Blade Hands              Tmut           44%        N/A       1%          5
 Fireball                 Conj/Fire      40%        3d16      1%          5
 Iskenderun's Battlesphe  Conj           86%        2d13      1%          5
 Lee's Rapid Deconstruct  Erth           37%        3d20*     1%          5
 Lightning Bolt           Conj/Air       40%        1d59      1%          5
 Metabolic Englaciation   Hex/Ice        50%        N/A       1%          5
 Summon Forest            Summ/Tloc      40%        N/A       1%          5
 Summon Mana Viper        Hex/Summ       80%        N/A       1%          5
 Yara's Violent Unravell  Hex/Tmut       43%        3d17      1%          5
 Eringya's Noxious Bog    Tmut/Pois      44%        N/A       1%          6
 Iron Shot                Conj/Erth      40%        9d8       1%          6
 Statue Form              Tmut/Erth      54%        N/A       1%          6
 Dragon Form              Tmut           44%        N/A       1%          7
 Death Channel            Necr           37%        N/A       2%          6
 Simulacrum               Ice/Necr       47%        N/A       2%          6
 Summon Cactus Giant      Summ           37%        N/A       2%          6
 Storm Form               Tmut/Air       41%        N/A       3%          7
 Summon Hydra             Summ           37%        N/A       12%         7
 Lehudib's Crystal Spear  Conj/Erth      40%        10d10     32%         8
 Summon Horrible Things   Summ           37%        N/A       67%         8
 Polar Vortex             Ice            47%        N/A       100%        9


Dungeon Overview and Level Annotations

Branches:
Dungeon (15/15)            Temple (1/1) D:6            Lair (6/6) D:11
 Shoals (4/4) Lair:4       Spider (4/4) Lair:3        Slime (0/5) Lair:5
    Orc (2/2) D:12            Elf (3/3) Orc:2        Vaults (5/5) D:13
  Crypt (0/3) Vaults:3     Depths (0/4) D:15          Sewer (visited)
 Bailey (visited)           IceCv (visited)

Altars:
Ashenzari
Cheibriados
Dithmenos
Elyvilon
Fedhas
Gozag
Hepliaklqana
Kikubaaqudgha
Makhleb
Nemelex Xobeh
Okawaru
Qazlal
Ru
Sif Muna
Trog
Uskayaw
Vehumet
Wu Jian
Xom
Yredelemnul
Zin
The Shining One
Beogh

Shops:
D:2 [   D:6 (   D:15 (*:(   Orc:2 :!(?   Elf:1 *=   Shoals:2 =   Vaults:4 *

Portals:
Pandemonium: Orc:2
Trove: D:13 (give +5 fire dragon scales)

Annotations:
Elf:2 3 runed translucent doors, Azrael


Innate Abilities, Weirdness & Mutations

You have very sharp teeth.
Your uncanny sense of smell can sniff out nearby items.
Your experience applies equally to all skills.
You are very weak. (Str -4)
You sometimes lose the ability to read scrolls when taking damage.


Message History

You feel less contaminated with magical energies.
You start resting.
Your magical contamination has completely faded away.
You start resting.
Magic restored.
You start resting.
HP restored.
You climb downwards.
The ettin barely misses you.
The ettin hits you with a +0 dire flail!!
The ettin hits you with a +1 dire flail of holy wrath!!
The ettin hits you with a +0 dire flail!!
You feel threatened and lose the ability to read scrolls!
The ettin misses you. The ettin hits you but does no damage.
There is a stone staircase leading up, spattered with blood here.
The deep elf high priest calls down the wrath of its god upon you.
Something smites you! The ettin hits you but does no damage.
The ettin hits you with a +0 dire flail!!
The sphinx mumbles some strange words.
You resist with almost no effort.
The vault sentinel points at you and mumbles some strange words.
You easily resist.
The tengu reaver completely misses you.
The tengu reaver pecks you but does no damage.
The tengu reaver claws you but does no damage.
The ettin hits you with a +0 dire flail!! x2
The tengu reaver barely misses you. x2
The tengu reaver claws you but does no damage.
You climb upwards.
There is a stone staircase leading down, spattered with blood here.
The tengu reaver hits you but does no damage.
The tengu reaver pecks you. The tengu reaver misses you.
Items here: )) [[[.
The ettin hits you with a +1 dire flail of holy wrath!!
The ettin misses you. The tengu reaver casts a spell at you.
The bolt of acid hits you!!!
* * * LOW HITPOINT WARNING * * *
The acid corrodes you!
The tengu reaver gestures at you while chanting.
The bolt of acid hits you!!!
You die...

.[....^...............[.#...##'##
.........######'######[.####.....
.........#..#.....#..#..#..#.....
....[....#..#.....#..#..'..'..[..
....[....#..#.....#..#..#..#...))
)....[)..#..#.....#..#..####....)
.........#..#.....'..#..#...##'##
.........#..#######..#..#...#...#
########.#......@....#..#...#...#
#......'.#....C......#..#########
#......#.#..[[QQ.....#..#######.)
#......'.#..[>[C.....#..#######..
#....))#.#..[[[......#..#######..
#....>.#.#############..#######..
#......#................#######..
##'#####................#######..
........................#######..


You could see 2 tengu reavers and 2 ettins.

Vanquished Creatures
  An ancient lich (Vaults:5)
  Bai Suzhen (Elf:3)
  Nikola (Spider:4)
  Jorgrun (Shoals:1)
  2 deep elf blademasters (Elf:3)
  A tentacled monstrosity (Vaults:4)
  A lich (Vaults:3)
  5 deep elf master archers (Elf:3)
  2 titans
  2 krakens
  2 sphinxes
  2 tengu reavers
  Donald (Orc:2)
  2 shadow dragons
  Roxanne (Shoals:2)
  9 ghost moths
  A fire giant (Vaults:3)
  4 emperor scorpions
  5 deep elf sorcerers (Elf:3)
  Aizul (Shoals:1)
  16 vault wardens
  Louise (Shoals:1)
  An orc warlord (Vaults:4)
  4 deep elf elementalists (Elf:3)
  A broodmother (Spider:3)
  16 ironbound preservers
  13 very ugly things
  2 war gargoyles
  9 ironbound thunderhulks
  A stone giant (Vaults:3)
  A reaper (IceCv)
  4 deep elf demonologists
  2 spark wasps
  7 dire elephants (Vaults:1)
  A spark wasp (shapeshifter) (Vaults:5)
  6 deep elf annihilators (Elf:3)
  5 entropy weavers
  Snorg (Orc:2)
  2 ettins
  6 merfolk javelineers
  2 crystal guardians (Vaults:4)
  5 deep elf death magi
  Josephine (Shoals:1)
  14 merfolk impalers
  A deep elf high priest (Elf:3)
  A fire dragon (Lair:6)
  Erolcha (Orc:2)
  4 great orbs of eyes
  10 yaktaur captains
  3 jorogumos
  A rakshasa (D:12)
  9 boulder beetles
  37 vault guards
  An ice dragon (D:13)
  4 peacekeepers
  8 hydras
  2 alligator snapping turtles
  2 centaur warriors
  2 radroaches
  6 ironbound frosthearts
  3 merfolk avatars
  A catoblepas (Lair:2)
  5 two-headed ogres
  A death knight (D:11)
  5 merfolk aquamancers (Shoals:4)
  A two-headed ogre (shapeshifter) (Vaults:4)
  2 satyrs
  12 dancing weapons
  6 death yaks
  An alligator (Shoals:3)
  A death scarab (Spider:1)
  3 orc high priests
  2 tengu warriors
  A sun demon (Orc:2)
  14 deep elf knights
  A fire crab (Lair:5)
  A sun moth (Spider:4)
  7 pharaoh ants
  9 sea snakes
  A goliath frog (Shoals:3)
  A swamp dragon (Lair:6)
  2 steelbarb worms
  47 deep trolls
  10 orb spiders
  A glowing orange brain (Vaults:2)
  A deep troll (shapeshifter) (Vaults:4)
  7 wizards
  4 lindwurms (Vaults:1)
  15 harpies
  2 phantasmal warriors
  5 deep elf archers
  A tengu zombie (Vaults:2)
  An orange crystal statue (Vaults:3)
  23 ironbound convokers
  28 deep elf zephyrmancers
  4 necromancers
  31 ugly things
  9 wolf spider zombies (Spider:3)
  37 deep elf pyromancers
  20 wolf spiders
  A salamander (shapeshifter) (D:15)
  8 orc knights
  10 orc sorcerers
  9 manticores
  8 cyclopes
  A cyclops (shapeshifter) (Elf:3)
  A stone giant skeleton (Vaults:2)
  13 fauns
  15 elephants (Lair:6)
  Maurice (Orc:1)
  9 vault sentinels
  3 moths of wrath
  10 water nymphs
  6 ice statues
  5 merfolk sirens
  A guardian serpent (Lair:6)
  6 black mambas
  A smoke demon (Orc:2)
  17 cane toads
  A rime drake (shapeshifter) (D:15)
  9 rime drakes
  5 torpor snails
  7 demonic crawlers
  2 unseen horrors
  A kobold demonologist (D:11)
  13 komodo dragons
  3 freezing wraiths
  8 redback zombies (Spider:3)
  A tengu conjurer (D:12)
  An entropy weaver simulacrum (IceCv)
  40 yaktaurs
  8 ice devils
  30 merfolk
  9 trolls
  6 meliai
  A queen bee (shapeshifter) (Elf:3)
  3 polar bears
  A red devil (Orc:2)
  A tyrant leech (D:15)
  9 hornets
  24 slime creatures
  9 wind drakes
  18 tarantellas
  37 blink frogs
  11 dream sheep
  12 tarantella zombies (Spider:3)
  54 jumping spiders
  13 snapping turtles
  2 centaur simulacra
  A shadow (D:10)
  5 air elementals
  23 water elementals
  24 culicivoras
  A vampire (D:13)
  12 wyverns
  5 wraiths
  7 basilisks
  38 yaks
  2 fire elementals (Elf:2)
  Grum (D:9)
  71 redbacks
  6 fire bats (Lair:3)
  2 steam dragons
  Eustachio (D:6)
  A death yak simulacrum (IceCv)
  A warg (Orc:2)
  3 acid dragons
  Edmund (D:6)
  Menkaure (D:6)
  26 water moccasins
  4 swamp worms (D:15)
  Duvessa (D:4)
  A hell hound (D:14)
  35 orc warriors
  Pargi (Sewer)
  4 swamp drakes (Lair:6)
  11 ice beasts
  A boggart (D:12)
  A necrophage (D:6)
  7 ogres
  17 wolves
  3 centaurs
  A phantom (D:6)
  A human zombie (Vaults:2)
  A kobold brigand (D:7)
  2 scorpions
  12 bullfrogs
  6 earth elementals
  A wyvern zombie (D:6)
  2 cane toad simulacra (IceCv)
  2 two-headed ogre simulacra (IceCv)
  A water moccasin zombie (D:5)
  Dowan (D:5)
  A water moccasin skeleton (D:5)
  An elephant simulacrum (IceCv)
  33 killer bees
  5 wights (D:9)
  9 electric eels
  A howler monkey (D:5)
  A lava snake (Lair:3)
  33 orc priests
  7 hounds
  Crazy Yiuf (D:6)
  5 jellies
  8 iguanas
  A scorpion zombie (D:5)
  18 orc wizards
  8 hell rats (D:14)
  A statue (D:9)
  A troll simulacrum (IceCv)
  A polar bear simulacrum (IceCv)
  3 wolf simulacra (IceCv)
  4 gnolls (D:4)
  8 adders
  2 howler monkey skeletons
  3 river rats (D:6)
  A naga simulacrum (IceCv)
  A shadow imp (D:5)
  6 white imps
  4 ufetubi (IceCv)
  2 adder skeletons (D:4)
  4 worms
  2 dart slugs
  95 orcs
  14 ball pythons
  9 endoplasms
  4 goblins
  6 hobgoblins
  10 jackals
  8 kobolds
  5 quokkas
  3 bats
  8 frilled lizards
  A jackal skeleton (D:4)
  A quokka skeleton (D:4)
  7 rats
  A butterfly (Lair:1)
  6 tentacles
1749 creatures vanquished.

Vanquished Creatures (collateral kills)
  A merfolk (Shoals:4)
  A killer bee (D:8)
2 creatures vanquished.

Vanquished Creatures (others)
  A wolf spider (Spider:4)
  2 deep elf pyromancers (Elf:2)
  A deep elf zephyrmancer (Elf:2)
  2 dancing weapons (Elf:2)
  A redback (Spider:4)
  2 orc priests
  An orc wizard (D:11)
  An orc (Elf:2)
  3 ball lightnings (Vaults:5)
  32 fungi
  92 plants
  10 tentacles
148 creatures vanquished.

Grand Total: 1899 creatures vanquished

Notes
Turn   | Place    | Note
-------+----------+-------------------------------------------
     0 | D:1      | browni3141 the Gnoll Wanderer began the quest for the Orb.
     0 | D:1      | browni3141 set off with the following items: a +0 dagger, 2
                  | atropa-tipped darts, a datura-tipped dart, a wand of
                  | polymorph (7), a +0 robe; and the following spell
                  | memorised: Magic Dart; and the following spells available
                  | to memorise: Stone Arrow
     0 | D:1      | Reached XP level 1. HP: 17/17 MP: 6/6
   215 | D:1      | Reached XP level 2. HP: 23/23 MP: 2/7
  1511 | D:1      | Reached XP level 3. HP: 28/28 MP: 6/9
  1706 | D:2      | Reached skill level 5 in Spellcasting
  1792 | D:2      | Found Giaps's Antique Armour Shoppe.
  1873 | D:2      | Reached skill level 1 in Invocations
  1930 | D:2      | Reached skill level 1 in Short Blades
  1930 | D:2      | Reached skill level 1 in Long Blades
  1930 | D:2      | Reached skill level 1 in Axes
  1930 | D:2      | Reached skill level 1 in Maces & Flails
  1930 | D:2      | Reached skill level 1 in Polearms
  1930 | D:2      | Reached skill level 1 in Staves
  1930 | D:2      | Reached skill level 1 in Slings
  1930 | D:2      | Reached skill level 1 in Bows
  1930 | D:2      | Reached skill level 1 in Crossbows
  1930 | D:2      | Reached skill level 1 in Throwing
  1930 | D:2      | Reached skill level 1 in Dodging
  1930 | D:2      | Reached skill level 1 in Shields
  1930 | D:2      | Reached skill level 1 in Unarmed Combat
  2166 | D:2      | Found a faded altar of an unknown god.
  2280 | D:2      | Reached XP level 4. HP: 32/34 MP: 6/11
  2755 | D:3      | Noticed a scorpion
  2765 | D:3      | a scorpion changed into a ball python
  3502 | D:3      | Reached skill level 1 in Hexes
  3502 | D:3      | Reached skill level 1 in Summonings
  3502 | D:3      | Reached skill level 1 in Necromancy
  3502 | D:3      | Reached skill level 1 in Translocations
  3502 | D:3      | Reached skill level 1 in Transmutations
  3502 | D:3      | Reached skill level 1 in Fire Magic
  3502 | D:3      | Reached skill level 1 in Ice Magic
  3502 | D:3      | Reached skill level 1 in Air Magic
  3502 | D:3      | Reached skill level 1 in Earth Magic
  3502 | D:3      | Reached skill level 1 in Poison Magic
  3535 | D:3      | Reached XP level 5. HP: 38/40 MP: 5/12
  4452 | D:4      | Reached XP level 6. HP: 29/47 MP: 8/13
  4926 | D:4      | Learned a level 3 spell: Stone Arrow
  5807 | D:4      | Reached XP level 7. HP: 47/52 MP: 15/15
  6015 | D:5      | Entered Level 5 of the Dungeon
  6118 | D:5      | Noticed Duvessa
  6118 | D:5      | Noticed Dowan
  6121 | D:5      | Killed Dowan
  6425 | D:5      | Noticed a two-headed ogre
  6455 | D:5      | Killed a two-headed ogre
  6456 | D:5      | Reached XP level 8. HP: 38/60 MP: 12/17
  6991 | D:5      | Found a hazy altar of Hepliaklqana.
  7092 | D:5      | Found a hide-covered altar of Uskayaw.
  7736 | D:4      | Killed Duvessa
  7737 | D:4      | Reached skill level 5 in Conjurations
  7737 | D:4      | Reached XP level 9. HP: 58/66 MP: 5/18
  7931 | D:6      | Noticed Edmund
  7942 | D:6      | Killed Edmund
  8185 | D:6      | Reached skill level 5 in Fighting
  8185 | D:6      | Reached skill level 5 in Armour
  8185 | D:6      | Reached skill level 5 in Evocations
  8250 | D:6      | Found a glowing drain.
  8260 | Sewer    | Entered a sewer
  8465 | Sewer    | Noticed Pargi
  8475 | Sewer    | Killed Pargi
  8900 | D:6      | Found a runed translucent door.
  8901 | D:6      | Noticed Crazy Yiuf
  8925 | D:6      | Noticed Eustachio
  8937 | D:6      | Killed Eustachio
  8984 | D:6      | Noticed Menkaure
  8989 | D:6      | Killed Menkaure
  8990 | D:6      | Reached skill level 5 in Invocations
  9170 | D:6      | Found Muckoemo's Weapon Shop.
  9181 | D:6      | Found a staircase to the Ecumenical Temple.
  9346 | Temple   | Entered the Ecumenical Temple
  9448 | Temple   | Became a worshipper of Ashenzari the Shackled
  9977 | D:6      | Killed Crazy Yiuf
 10323 | D:7      | Found a flagged portal.
 10347 | Bailey   | Entered a bailey
 11048 | D:7      | Found an iron altar of Okawaru.
 11691 | D:8      | Reached XP level 10. HP: 44/74 MP: 14/20
 11728 | D:8      | Reached skill level 5 in Short Blades
 11728 | D:8      | Reached skill level 5 in Long Blades
 11728 | D:8      | Reached skill level 5 in Axes
 11728 | D:8      | Reached skill level 5 in Maces & Flails
 11728 | D:8      | Reached skill level 5 in Polearms
 11728 | D:8      | Reached skill level 5 in Staves
 11728 | D:8      | Reached skill level 5 in Slings
 11728 | D:8      | Reached skill level 5 in Bows
 11728 | D:8      | Reached skill level 5 in Crossbows
 11728 | D:8      | Reached skill level 5 in Throwing
 11728 | D:8      | Reached skill level 5 in Dodging
 11728 | D:8      | Reached skill level 5 in Shields
 11728 | D:8      | Reached skill level 5 in Unarmed Combat
 11767 | D:7      | Reached * piety under Ashenzari
 12792 | D:9      | Noticed Grum
 12827 | D:9      | HP: 3/74 [poisoned by a hornet]
 13099 | D:9      | Killed Grum
 13654 | D:9      | Reached ** piety under Ashenzari
 13669 | D:9      | Found a sparkling altar of Nemelex Xobeh.
 13815 | D:9      | Found a radiant altar of Vehumet.
 14077 | D:10     | Entered Level 10 of the Dungeon
 15119 | D:10     | Reached XP level 11. HP: 83/83 MP: 22/22
 15360 | D:10     | Found an ornate altar of the Wu Jian Council.
 15428 | D:10     | Noticed a two-headed ogre
 15433 | D:10     | Killed a two-headed ogre
 15434 | D:10     | Reached skill level 5 in Hexes
 15434 | D:10     | Reached skill level 5 in Summonings
 15434 | D:10     | Reached skill level 5 in Necromancy
 15434 | D:10     | Reached skill level 5 in Translocations
 15434 | D:10     | Reached skill level 5 in Transmutations
 15434 | D:10     | Reached skill level 5 in Fire Magic
 15434 | D:10     | Reached skill level 5 in Ice Magic
 15434 | D:10     | Reached skill level 5 in Air Magic
 15434 | D:10     | Reached skill level 5 in Earth Magic
 15434 | D:10     | Reached skill level 5 in Poison Magic
 15512 | D:10     | Found a shadowy altar of Dithmenos.
 15522 | D:10     | Reached *** piety under Ashenzari
 15590 | D:10     | Found a sacrificial altar of Ru.
 15623 | D:10     | Found a stormy altar of Qazlal.
 15741 | D:10     | Noticed an angel
 15742 | D:10     | Found a glowing silver altar of Zin.
 15916 | D:11     | Noticed a sixfirhy
 16058 | D:11     | Found a staircase to the Lair.
 16060 | D:11     | Noticed a death knight
 16082 | D:11     | Killed a death knight
 16200 | D:11     | Noticed a manticore
 16213 | D:11     | Killed a manticore
 16484 | D:11     | Reached **** piety under Ashenzari
 16491 | D:11     | Noticed a two-headed ogre
 16496 | D:11     | Killed a two-headed ogre
 16824 | D:11     | Learned a level 3 spell: Gell's Gravitas
 16828 | D:11     | Learned a level 3 spell: Lesser Beckoning
 16832 | D:11     | Learned a level 3 spell: Teleport Other
 16836 | D:11     | Learned a level 3 spell: Ozocubu's Armour
 16842 | D:11     | Learned a level 5 spell: Irradiate
 16843 | Lair:1   | Entered Level 1 of the Lair of Beasts
 16958 | Lair:1   | Found a frozen archway.
 17122 | IceCv    | Entered an ice cave
 18148 | IceCv    | Reached XP level 12. HP: 74/100 MP: 20/28
 18523 | IceCv    | Noticed a reaper
 18523 | IceCv    | Identified the ring of Oblenwer {Ice rElec Str-3 Int+6
                  | Stlth+}
 18539 | IceCv    | Killed a reaper
 19258 | Lair:1   | Reached ***** piety under Ashenzari
 19605 | Lair:1   | Identified the +0 robe "Pionyed" {rPois Dex+2}
 20676 | Lair:2   | Noticed a catoblepas
 20684 | Lair:2   | Killed a catoblepas
 20804 | Lair:2   | Reached XP level 13. HP: 89/109 MP: 16/30
 21122 | Lair:2   | Reached skill level 10 in Stealth
 21842 | Lair:3   | Found a hole to the Spider Nest.
 22849 | Lair:3   | Reached ****** piety under Ashenzari
 23807 | Lair:3   | Reached skill level 10 in Spellcasting
 24283 | Lair:4   | Found a staircase to the Shoals.
 24465 | Lair:4   | Identified the -6 helmet of the Cicada {Harm rPois}
 24918 | Lair:5   | Reached XP level 14. HP: 119/119 MP: 32/32
 25294 | Lair:5   | Learned a level 5 spell: Silence
 25545 | Lair:5   | Found a staircase to the Slime Pits.
 25778 | Lair:6   | Entered Level 6 of the Lair of Beasts
 25989 | Lair:6   | Reached skill level 10 in Invocations
 26267 | Lair:6   | Identified the +5 scale mail of the Sky {Will+ Int+4 Dex+3}
 27514 | Lair:6   | Reached skill level 10 in Fighting
 27514 | Lair:6   | Reached skill level 10 in Armour
 27514 | Lair:6   | Reached skill level 10 in Evocations
 27764 | Lair:6   | Reached XP level 15. HP: 128/131 MP: 36/36
 28555 | D:12     | Identified the +2 leather armour of Pimaq {Str+4 Dex-3
                  | Stlth+}
 28555 | D:12     | Identified the Handbook of the Volcanoes
 29097 | D:12     | Found a staircase to the Orcish Mines.
 29363 | D:12     | Reached skill level 10 in Short Blades
 29363 | D:12     | Reached skill level 10 in Long Blades
 29363 | D:12     | Reached skill level 10 in Axes
 29363 | D:12     | Reached skill level 10 in Maces & Flails
 29363 | D:12     | Reached skill level 10 in Polearms
 29363 | D:12     | Reached skill level 10 in Staves
 29363 | D:12     | Reached skill level 10 in Slings
 29363 | D:12     | Reached skill level 10 in Bows
 29363 | D:12     | Reached skill level 10 in Crossbows
 29363 | D:12     | Reached skill level 10 in Throwing
 29363 | D:12     | Reached skill level 10 in Dodging
 29363 | D:12     | Reached skill level 10 in Shields
 29363 | D:12     | Reached skill level 10 in Unarmed Combat
 29739 | Orc:1    | Entered Level 1 of the Orcish Mines
 29755 | Orc:1    | Noticed Maurice
 29775 | Orc:1    | Killed Maurice
 29949 | Orc:2    | Entered Level 2 of the Orcish Mines
 30160 | Orc:2    | Found Xova's Distillery.
 30335 | Orc:2    | Noticed Erolcha
 30345 | Orc:2    | Killed Erolcha
 30548 | Orc:2    | Found Xarphon's Magic Scroll Shoppe.
 30646 | Orc:2    | Noticed Donald
 30655 | Orc:2    | Killed Donald
 31003 | Orc:2    | Found Husmyreq's Antique Weapon Shop.
 31223 | Orc:2    | Found a one-way gate leading to the halls of Pandemonium.
 31258 | Orc:2    | Found Epny's Book Boutique.
 31447 | Orc:2    | Found a staircase to the Elven Halls.
 31629 | Orc:2    | Noticed Snorg
 31644 | Orc:2    | Killed Snorg
 31897 | Orc:2    | Bought a book of Maledictions for 420 gold pieces
 31897 | Orc:2    | Bought a book of Spatial Translocations for 364 gold pieces
 31901 | Orc:2    | Learned a level 3 spell: Tukima's Dance
 31909 | Orc:2    | Learned a level 7 spell: Enfeeble
 31912 | Orc:2    | Learned a level 2 spell: Blink
 31918 | Orc:2    | Learned a level 5 spell: Manifold Assault
 31924 | Orc:2    | Learned a level 5 spell: Borgnjor's Vile Clutch
 33134 | D:13     | Found a portal to a secret trove of treasure.
 33296 | D:13     | Found a gate to the Vaults.
 33314 | D:13     | Reached XP level 16. HP: 71/141 MP: 20/37
 34450 | D:15     | Entered Level 15 of the Dungeon
 34718 | D:15     | Found Kofoylim's General Store.
 34720 | D:15     | Found Ciuschomy's Antique Weapon Shop.
 34722 | D:15     | Found Yleyboo's Book Shop.
 34725 | D:15     | Found Gutsoi's Antique Weapon Shop.
 34972 | D:15     | Found a staircase to the Depths.
 35590 | D:15     | Reached skill level 10 in Conjurations
 35943 | Elf:1    | Entered Level 1 of the Elven Halls
 36516 | Elf:1    | Identified the Volume of Creation
 37081 | Elf:1    | Paralysed by an air elemental for 1 turns
 37400 | Elf:1    | Found Gijub's Jewellery Shoppe.
 37914 | Elf:1    | Found Micynt's General Store.
 38172 | Elf:1    | Identified the ring "Lehe" {Fly rC+}
 38300 | Elf:2    | Reached XP level 17. HP: 145/149 MP: 31/39
 39273 | Elf:2    | Found a runed translucent gate.
 39274 | Elf:2    | Found a runed translucent gate.
 39274 | Elf:2    | Found a runed translucent gate.
 39286 | Elf:2    | Noticed Azrael
 39523 | Elf:3    | Entered Level 3 of the Elven Halls
 39662 | Elf:3    | Identified the Disquisition on Bewitching Conjuration
 39878 | Elf:3    | Noticed Bai Suzhen
 39897 | Elf:3    | Killed Bai Suzhen
 40539 | Elf:3    | Reached skill level 10 in Hexes
 40539 | Elf:3    | Reached skill level 10 in Summonings
 40539 | Elf:3    | Reached skill level 10 in Necromancy
 40539 | Elf:3    | Reached skill level 10 in Translocations
 40539 | Elf:3    | Reached skill level 10 in Transmutations
 40539 | Elf:3    | Reached skill level 10 in Fire Magic
 40539 | Elf:3    | Reached skill level 10 in Ice Magic
 40539 | Elf:3    | Reached skill level 10 in Air Magic
 40539 | Elf:3    | Reached skill level 10 in Earth Magic
 40539 | Elf:3    | Reached skill level 10 in Poison Magic
 40644 | Elf:3    | Noticed a deep elf master archer
 40647 | Elf:3    | Killed a deep elf master archer
 40674 | Elf:3    | Noticed a deep elf master archer
 40679 | Elf:3    | Noticed a deep elf master archer
 40686 | Elf:3    | Killed a deep elf master archer
 40689 | Elf:3    | Killed a deep elf master archer
 41121 | Elf:3    | Noticed a deep elf blademaster
 41134 | Elf:3    | Killed a deep elf blademaster
 41181 | Elf:3    | Reached XP level 18. HP: 110/158 MP: 7/41
 41418 | Elf:3    | Identified the +6 hunting sling of Turmoil {freeze, +Blink
                  | rElec rN+}
 41455 | Elf:3    | Noticed a deep elf master archer
 41455 | Elf:3    | Noticed a deep elf master archer
 41456 | Elf:3    | Noticed a deep elf blademaster
 41460 | Elf:3    | Killed a deep elf master archer
 41461 | Elf:3    | Killed a deep elf master archer
 41461 | Elf:3    | Killed a deep elf blademaster
 41673 | Elf:3    | Identified the +1 robe "Vinyvu Hunt" {Dex+3 Stlth+}
 41676 | Elf:3    | Identified the +6 scale mail "Ponkuy" {SInv}
 41770 | Elf:3    | Identified the ring "Efuoton" {rF- rC+ Int+6}
 41805 | Elf:3    | Identified Sif Muna's Volume of the Mutagenic Snowflakes
 42428 | Shoals:1 | Entered Level 1 of the Shoals
 42637 | Shoals:1 | Noticed Aizul
 42648 | Shoals:1 | Killed Aizul
 42947 | Shoals:1 | Noticed Louise
 42963 | Shoals:1 | Killed Louise
 43079 | Shoals:1 | Noticed Josephine
 43082 | Shoals:1 | Noticed Jorgrun
 43083 | Shoals:1 | Killed Josephine
 43124 | Shoals:1 | Killed Jorgrun
 43881 | Shoals:2 | Noticed Roxanne
 43891 | Shoals:2 | Killed Roxanne
 44231 | Shoals:2 | Found Peunnyx's Jewellery Boutique.
 47492 | Shoals:4 | Entered Level 4 of the Shoals
 48005 | Shoals:4 | Paralysed by an air elemental for 1 turns
 48122 | Shoals:4 | Reached XP level 19. HP: 161/161 MP: 29/40
 48313 | Shoals:4 | Paralysed by an air elemental for 1 turns
 48441 | Shoals:4 | Learned a level 7 spell: Orb of Destruction
 49007 | Shoals:4 | Identified the +5 spear of Peril {elec, rElec Int-4 Dex+5}
 49018 | Shoals:4 | Identified the ring "Macva" {Fly rCorr Int+6 Dex-4 Stlth-}
 50414 | Shoals:4 | Got a barnacled rune of Zot
 51120 | Spider:1 | Entered Level 1 of the Spider Nest
 52563 | Spider:1 | Learned a level 6 spell: Starburst
 52640 | Lair:3   | HP: 8/168 [poisoned by a meliai]
 53576 | Spider:1 | Identified the +0 helmet of Boczor {rC+}
 55895 | Spider:3 | Reached XP level 20. HP: 161/180 MP: 22/45
 57084 | Spider:4 | Entered Level 4 of the Spider Nest
 57084 | Spider:4 | Noticed Nikola
 57098 | Spider:4 | Killed Nikola
 57766 | Spider:4 | Identified the +1 robe of the Everdark {Contam Str-2 Dex+6
                  | Stlth+}
 59117 | Spider:4 | Reached skill level 15 in Invocations
 59245 | Spider:4 | Reached skill level 15 in Stealth
 59552 | Spider:4 | Identified the +4 trident of Deformation {venom, rElec
                  | Str+5}
 60539 | Spider:4 | Learned a level 4 spell: Passage of Golubria
 61289 | Spider:4 | Got a gossamer rune of Zot
 61562 | Vaults:1 | Entered Level 1 of the Vaults
 62878 | Vaults:1 | Reached XP level 21. HP: 188/188 MP: 26/47
 63541 | Vaults:1 | Reached skill level 15 in Spellcasting
 67620 | Vaults:3 | Found a transporter.
 67634 | Vaults:3 | Found a transporter.
 67840 | Vaults:3 | Found a basalt altar of Yredelemnul.
 67848 | Vaults:3 | Found a staircase to the Crypt.
 68263 | Vaults:3 | Reached skill level 15 in Fighting
 68263 | Vaults:3 | Reached skill level 15 in Armour
 68263 | Vaults:3 | Reached skill level 15 in Evocations
 68289 | Vaults:3 | Reached XP level 22. HP: 158/198 MP: 8/49
 68609 | Vaults:3 | Gained mutation: You are weak. (Str -2) [mutagenic glow]
 68929 | Vaults:3 | Found an ancient bone altar of Kikubaaqudgha.
 69029 | Vaults:3 | Reached skill level 15 in Short Blades
 69029 | Vaults:3 | Reached skill level 15 in Long Blades
 69029 | Vaults:3 | Reached skill level 15 in Axes
 69029 | Vaults:3 | Reached skill level 15 in Maces & Flails
 69029 | Vaults:3 | Reached skill level 15 in Polearms
 69029 | Vaults:3 | Reached skill level 15 in Staves
 69029 | Vaults:3 | Reached skill level 15 in Slings
 69029 | Vaults:3 | Reached skill level 15 in Bows
 69029 | Vaults:3 | Reached skill level 15 in Crossbows
 69029 | Vaults:3 | Reached skill level 15 in Throwing
 69029 | Vaults:3 | Reached skill level 15 in Dodging
 69029 | Vaults:3 | Reached skill level 15 in Shields
 69029 | Vaults:3 | Reached skill level 15 in Unarmed Combat
 71191 | Vaults:4 | Found Uphomp's Assorted Antiques.
 71199 | Vaults:4 | Bought a potion of lignification for 87 gold pieces
 71199 | Vaults:4 | Bought a scroll of teleportation for 87 gold pieces
 71199 | Vaults:4 | Bought a potion of heal wounds for 145 gold pieces
 72847 | Vaults:5 | Entered Level 5 of the Vaults
 73202 | Vaults:4 | Learned a level 6 spell: Dispersal
 73211 | Vaults:4 | Learned a level 6 spell: Conjure Ball Lightning
 73516 | Vaults:5 | Noticed an ancient lich
 73516 | Vaults:5 | Noticed a golden dragon
 73520 | Vaults:4 | Reached XP level 23. HP: 179/206 MP: 33/50
 73584 | Vaults:5 | Killed an ancient lich
 73845 | Vaults:4 | Gained mutation: You sometimes lose the ability to read
                  | scrolls when taking damage. [mutagenic glow]
 73857 | Vaults:4 | Gained mutation: You are very weak. (Str -4) [mutagenic
                  | glow]
 74161 | Vaults:4 | Killed from afar by a tengu reaver

Illustrated notes

Levels and vault maps discovered:
D:1:      mrwooster_arrival_statue, layout_basic, minmay_crystal_water,
          minmay_tall_x
D:2:      layout_loops_corners, serial_glass, glass_columns_b, glass_columns_c,
          feat_on_display, minmay_strange_pillars,
          ebering_ecumenical_altar_mist, serial_shops, nicolae_square_shop
D:3:      layout_basic, st_stairs_10
D:4:      layout_loops_ring, hangedman_abyss_or_decor_stagger, st_stairs_3
D:5:      layout_basic, lemuel_round_altar, marbit_many_paths,
          hangedman_decor_clover_reticule, uniq_duvessa
D:6:      layout_loops_cross, temple_green, serial_shops, shop,
          lightli_sewer_entry_pipes, uniq_menkaure, uniq_eustachio, uniq_edmund,
          uniq_crazy_yiuf_cottage
D:7:      layout_basic, mainiacjoe_overflow_concentric_impassable,
          enter_bailey_4
D:8:      layout_rooms
D:9:      layout_loops_ring, mainiacjoe_overflow_brackets, vehumet_statue,
          moated_statue, uniq_grum
D:10:     layout_gridville, zin_angel, grunt_qazlal_sundering,
          lemuel_tele_altar, pf_just_have_faith, nzn_wu_jian_contemplation
D:11:     layout_roguey, lair_entry_dummy
D:12:     minmay_ambush_box, layout_long_grid, hiddenorc2_lemuel
D:13:     minmay_ice_pillars, layout_rooms, david_vaults_1, enter_trove_2
D:14:     layout_roguey [special_room_mythical_zoo], minmay_curled_crystal
D:15:     gammafunk_enter_depths_forms, layout_irregular_city,
          minmay_shop_grid_forest, worms_lemuel
Temple:   nicolae_temple_hex_pool
Lair:1:   beast_lair_carwin_large_3, layout_cave_pods,
          portal_ice_cave_demonic_guard
Lair:2:   layout_gridlike, serial_bayou_lake_a, lemuel_fruit_fields
Lair:3:   layout_gridlike, spider_nest_entry_funnel_web
Lair:4:   layout_roguey, elwin_shoals_entry_rooms
Lair:5:   layout_cave_pods, dpeg_slime_entry_corner, infiniplex_staircase_pool
Lair:6:   guppyfry_lair_end_dragon, layout_gridlike,
          hangedman_lair_tendril_chambers
Shoals:1: layout_shoals, uniq_aizul, uniq_louise, uniq_josephine, uniq_jorgrun
Shoals:2: layout_shoals, serial_shops, nicolae_shop_hallway_plus, uniq_roxanne
Shoals:3: layout_shoals, nicolae_shoals_goliath_grotto
Shoals:4: shoals_end_hellmonk_storm_palace [storm_palace_center_square,
          storm_palace_corner_grid, storm_palace_corner_grid,
          storm_palace_corner_reverse_hut, storm_palace_corner_narrow]
Spider:1: nicolae_spider_jumping_over_cracks [nicolae_spider_jumping_sub_stairs,
          nicolae_spider_jumping_sub_pools, nicolae_spider_jumping_sub_moat,
          nicolae_spider_jumping_sub_plain]
Spider:2: layout_cave_pods
Spider:3: lemuel_spider_zombies
Spider:4: spider_rune_water, nicolae_spider_eight_legs, uniq_nikola
Orc:1:    layout_diamond_mine, basic_altar, uniq_maurice
Orc:2:    pf_orc_diabolical, layout_diamond_mine, uniq_donald, uniq_erolcha,
          uniq_snorg
Elf:1:    minmay_elf_arrival_summoners, layout_geoelf_diagonals, serial_shops,
          nicolae_shop_temple_entry_statues_fountains, minmay_elf_demonology,
          minmay_shop_enchanted_jewellery
Elf:2:    nicolae_elf_blades_crystal_corner, layout_loops_ring,
          minmay_misc_feat_columns, uniq_azrael
Elf:3:    minmay_elf_hall, layout_gridlike, minmay_misc_feat_ornament,
          hangedman_elven_pyramids, uniq_bai_suzhen
Vaults:1: nicolae_vaults_little_squares_2, hangedman_vaults_stream,
          nicolae_vaults_holding_cells, nicolae_vaults_little_squares_4,
          nicolae_vaults_little_squares_6, ontoclasm_vaults_gateway,
          v_pattern_5, nicolae_vaults_little_ls, v_misc_22, v_misc_17,
          v_misc_23, ontoclasm_vaults_shuriken,
          nicolae_vaults_bisected_exclaves, layout_vaults_omnibox
Vaults:2: hangedman_vaults_capsules, nicolae_vaults_murderbox,
          vaults_mumra_hexcomb, ontoclasm_vaults_twist, v_alt_pattern_4,
          vaults_standard_mumra_lines, nicolae_vaults_diagonal_hallway_7,
          vaults_mumra_chevron, ontoclasm_vaults_eye,
          ontoclasm_vaults_decontamination, vaults_room_grid, v_misc_22,
          layout_vaults_ring
Vaults:3: nicolae_vaults_network_square, minmay_crypt_entry_necro_gods,
          ontoclasm_vaults_bender, grunt_vaults_funnel, v_misc_18,
          hangedman_vaults_unwind, vaults_room_pool, v_misc_23,
          gammafunk_sealed_arena, layout_vaults_maze_snakey
Vaults:4: ontoclasm_vaults_idyll, vaults_room_pool, v_misc_15,
          hangedman_vaults_stitches, v_misc_14, v_misc_18, v_misc_9,
          nicolae_vaults_little_squares_1, v_alt_pattern_2,
          layout_vaults_big_room, serial_shops, nicolae_shop_waterfront
Vaults:5

Skill      XL: |  1  2  3  4  5  6  7  8  9 10 11 12 13 14 15 16 17 18 19 20 21 22 |
---------------+-------------------------------------------------------------------+-----
Stealth        | 6 7 8 9 10 11 12 13 14 15 16 | 16.5
Spellcasting   | 5 6 7 8 9 10 11 12 13 14 15 16 | 16.2
Invocations    | 1 2 3 4 5 6 7 8 9 10 11 12 13 14 15 16 | 16.8
Short Blades   | 1 2 3 4 5 6 7 8 9 10 11 12 13 14 15 | 15.5
Long Blades    | 1 2 3 4 5 6 7 8 9 10 11 12 13 14 15 | 15.5
Axes           | 1 2 3 4 5 6 7 8 9 10 11 12 13 14 15 | 15.5
Maces & Flails | 1 2 3 4 5 6 7 8 9 10 11 12 13 14 15 | 15.5
Polearms       | 1 2 3 4 5 6 7 8 9 10 11 12 13 14 15 | 15.5
Staves         | 1 2 3 4 5 6 7 8 9 10 11 12 13 14 15 | 15.5
Slings         | 1 2 3 4 5 6 7 8 9 10 11 12 13 14 15 | 15.5
Bows           | 1 2 3 4 5 6 7 8 9 10 11 12 13 14 15 | 15.5
Crossbows      | 1 2 3 4 5 6 7 8 9 10 11 12 13 14 15 | 15.5
Throwing       | 1 2 3 4 5 6 7 8 9 10 11 12 13 14 15 | 15.5
Dodging        | 1 2 3 4 5 6 7 8 9 10 11 12 13 14 15 | 15.5
Shields        | 1 2 3 4 5 6 7 8 9 10 11 12 13 14 15 | 15.5
Unarmed Combat | 1 2 3 4 5 6 7 8 9 10 11 12 13 14 15 | 15.5
Hexes          | 1 2 3 4 5 6 7 8 9 10 11 12 13 | 13.1
Summonings     | 1 2 3 4 5 6 7 8 9 10 11 12 13 | 13.1
Necromancy     | 1 2 3 4 5 6 7 8 9 10 11 12 13 | 13.1
Translocations | 1 2 3 4 5 6 7 8 9 10 11 12 13 | 13.1
Transmutations | 1 2 3 4 5 6 7 8 9 10 11 12 13 | 13.1
Fire Magic     | 1 2 3 4 5 6 7 8 9 10 11 12 13 | 13.1
Ice Magic      | 1 2 3 4 5 6 7 8 9 10 11 12 13 | 13.1
Air Magic      | 1 2 3 4 5 6 7 8 9 10 11 12 13 | 13.1
Earth Magic    | 1 2 3 4 5 6 7 8 9 10 11 12 13 | 13.1
Poison Magic   | 1 2 3 4 5 6 7 8 9 10 11 12 13 | 13.1
Fighting       | 3 4 5 6 7 8 9 10 11 12 13 14 15 | 15.7
Armour         | 3 4 5 6 7 8 9 10 11 12 13 14 15 | 15.7
Evocations     | 3 4 5 6 7 8 9 10 11 12 13 14 15 | 15.7
Conjurations   | 4 5 6 7 8 9 10 11 12 13 | 13.7

Action                   |  1- 3 |  4- 6 |  7- 9 | 10-12 | 13-15 | 16-18 | 19-21 | 22-24 || total
-------------------------+-------+-------+-------+-------+-------+-------+-------+-------++-------
Melee: Dagger            |    38 |     4 |       |       |       |       |       |       ||    42
       Bite              |     7 |     8 |    26 |    68 |   156 |   122 |   157 |    37 ||   581
       Flail             |       |     8 |   203 |    84 |       |       |       |       ||   295
       Long sword        |       |    89 |    41 |       |       |       |       |       ||   130
       Punch             |       |     1 |     5 |     3 |       |       |       |       ||     9
       Whip              |       |       |    14 |       |       |       |       |       ||    14
       Glaive            |       |       |    26 |       |       |       |       |       ||    26
       Great sword       |       |       |       |   540 |  1033 |  1237 |  1177 |   279 ||  4266
Throw: Dart              |       |     8 |    10 |    57 |     1 |       |       |       ||    76
       Javelin           |       |     2 |     9 |     7 |     9 |    40 |    11 |       ||    78
       Boomerang         |       |       |       |    21 |    10 |    65 |       |       ||    96
       Throwing net      |       |       |       |     1 |       |       |       |       ||     1
 Cast: Magic Dart        |    69 |   118 |    18 |       |       |       |       |       ||   205
       Stone Arrow       |       |       |    17 |     5 |    76 |       |       |       ||    98
       Irradiate         |       |       |       |     5 |    45 |    52 |    90 |    34 ||   226
       Ozocubu's Armour  |       |       |       |     3 |       |       |       |       ||     3
       Manifold Assault  |       |       |       |       |    27 |   193 |    10 |       ||   230
       Silence           |       |       |       |       |     1 |     6 |     1 |     1 ||     9
       Borgnjor's Vile C |       |       |       |       |       |     3 |     8 |     5 ||    16
       Tukima's Dance    |       |       |       |       |       |     4 |       |       ||     4
       Enfeeble          |       |       |       |       |       |     1 |     1 |       ||     2
       Orb of Destructio |       |       |       |       |       |       |   259 |    71 ||   330
       Starburst         |       |       |       |       |       |       |    36 |    13 ||    49
       Passage of Golubr |       |       |       |       |       |       |     3 |       ||     3
       Conjure Ball Ligh |       |       |       |       |       |       |       |     1 ||     1
Invok: Curse Item        |       |       |     1 |     7 |     2 |       |     2 |       ||    12
       Shatter the Chain |       |       |       |       |     1 |     1 |     1 |       ||     3
Evoke: Wand              |       |     2 |    13 |    12 |     7 |    23 |    25 |     1 ||    83
  Use: Scroll            |       |       |     5 |     7 |       |       |     7 |     7 ||    26
       Potion            |       |       |     1 |     7 |     4 |     2 |     8 |     3 ||    25
 Stab: Sleeping          |     4 |     2 |    14 |     6 |    30 |    37 |    14 |       ||   107
       Distracted        |       |       |       |     1 |     4 |     1 |     3 |       ||     9
       Paralysed         |       |       |       |     3 |     4 |     4 |     2 |       ||    13
       Petrifying        |       |       |       |     1 |       |       |       |       ||     1
       Invisible         |       |       |       |       |       |     2 |     3 |       ||     5
       Betrayed ally     |       |       |       |       |       |     1 |       |       ||     1
Armor: Robe              |     8 |       |       |       |       |       |       |       ||     8
       Ring mail         |     6 |    46 |    30 |       |       |       |       |       ||    82
       Plate armour      |       |     6 |    90 |       |       |       |       |       ||    96
       Leather armour    |       |       |    61 |       |       |       |       |       ||    61
       Scale mail        |       |       |    22 |   543 |   615 |   486 |   703 |   176 ||  2545
Dodge: Dodged            |    38 |    61 |   199 |   711 |  1051 |   671 |   942 |   237 ||  3910

Table legend: (Time is in decaauts)
 A = Elapsed time spent in this place.
 B = Non-inter-level travel time spent in this place.
 C = Inter-level travel time spent in this place.
 D = Time resting spent in this place.
 E = Time spent auto-exploring this place.
 F = Levels seen in this place.
 G = Mean time per level.
                   A        B        C        D        E       F      G
               +--------+--------+--------+--------+--------+-----+--------+
         Total |  74470 |  71594 |   2876 |  16624 |  41089 |  43 | 1731.9 |
       Dungeon |  21722 |  20718 |   1004 |   1497 |  15484 |  15 | 1448.1 |
        Temple |    130 |     77 |     53 |      0 |     65 |   1 |  130.0 |
          Lair |  11712 |  11142 |    570 |   2740 |   6386 |   6 | 1952.0 |
        Shoals |   8834 |   8593 |    241 |   2684 |   4285 |   4 | 2208.5 |
   Spider Nest |   8720 |   8430 |    290 |   3393 |   3149 |   4 | 2180.0 |
  Orcish Mines |   2739 |   2501 |    238 |    653 |   1123 |   2 | 1369.5 |
   Elven Halls |   5840 |   5659 |    181 |   1615 |   2808 |   3 | 1946.7 |
        Vaults |  12377 |  12081 |    296 |   2690 |   7623 |   5 | 2475.4 |
         Sewer |    353 |    353 |      0 |    100 |    118 |   1 |  353.0 |
        Bailey |    137 |    137 |      0 |     57 |      4 |   1 |  137.0 |
      Ice Cave |   1901 |   1901 |      0 |   1192 |     43 |   1 | 1901.0 |
               +--------+--------+--------+--------+--------+-----+--------+

Top non-repeatable levels by time:
Vaults:4: 3944 daAuts
  Lair:3: 3354 daAuts
Shoals:4: 3218 daAuts
Vaults:1: 3116 daAuts
Vaults:3: 3001 daAuts
Spider:3: 2985 daAuts
Shoals:3: 2954 daAuts
  Lair:6: 2670 daAuts
Spider:4: 2527 daAuts
   Elf:3: 2478 daAuts
   Elf:1: 2448 daAuts
   Orc:2: 2411 daAuts
Vaults:2: 2279 daAuts
     D:9: 1930 daAuts
     D:4: 1904 daAuts
